 Dungeon Crawl Stone Soup version 0.30-a0-883-g5ad918d77d (webtiles) character file.

Game seed: 18345342965280772822

3143 Pimp the Conjurer (level 9, -4/68 HPs)
             Began as a Demonspawn Conjurer on Mar 16, 2023.
             Was a Believer of Sif Muna.
             Slain by a vampire mosquito (5 damage)
             ... on level 9 of the Dungeon.
             The game lasted 00:30:39 (8579 turns).

Pimp the Conjurer (Demonspawn Conjurer)             Turns: 8579, Time: 00:30:40

Health: -4/68      AC:  6    Str:  7    XL:     9   Next: 61%
Magic:  12/16      EV: 13    Int: 28    God:    Sif Muna [**....]
Gold:   607        SH:  4    Dex: 12    Spells: 1/18 levels left

rFire   . . .      SeeInvis +    l - +3 quick blade (freeze)
rCold   . . .      Faith    .    (no shield)
rNeg    . . .      Spirit   .    a - +1 robe
rPois   .          Reflect  .    (helmet restricted)
rElec   .          Rampage  .    q - +2 cloak
rCorr   .                        (no gloves)
Will    .....                    (no boots)
Stlth   ++++                     (no amulet)
HPRegen 0.31/turn                h - ring of see invisible
MPRegen 0.30/turn                C - ring of wizardry

@: about to teleport
A: horns 2, magic regeneration, sharp scales 1, condensation shield, talons 1,
thin skeletal structure 1, clever 1, deformed body
a: Renounce Religion, Channel Magic


You were on level 9 of the Dungeon.
You worshipped Sif Muna.
Sif Muna was pleased with you.
You visited 2 branches of the dungeon, and saw 10 of its levels.
You also visited: Sewer.

You collected 607 gold pieces.

Inventory:

Hand Weapons
 f - a +4 dagger
 l - a +3 quick blade of freezing (weapon)
Missiles
 c - 4 javelins
 d - 7 boomerangs
 x - 3 curare-tipped darts
 D - 13 poisoned darts
Armour
 a - a +1 robe (worn)
 m - a +0 kite shield
 q - a +2 cloak (worn)
Jewellery
 h - a ring of see invisible (left hand)
 n - the ring "Vijaa" {rPois rF+ rC+ Dex+3}
   (You acquired it on level 9 of the Dungeon)

   [ring of protection from cold]

   Dex:       It affects your dexterity (+3).
   rF:        It protects you from fire.
   rC:        It protects you from cold.
   rPois:     It protects you from poison.
 o - an amulet of guardian spirit
 C - a ring of wizardry (right hand)
 G - a ring of positive energy
Wands
 r - a wand of flame (12)
 u - a wand of polymorph (18)
 A - a wand of roots (8)
 E - a wand of light (10)
Scrolls
 j - 5 scrolls of teleportation
 v - 2 scrolls of fog
 y - a scroll of immolation
 z - a scroll of fear
 F - 4 scrolls of identify
 H - a scroll of amnesia {unknown}
Potions
 b - 2 potions of magic
 e - 3 potions of flight
 g - a potion of brilliance
 i - a potion of ambrosia
 k - 3 potions of might
 p - 2 potions of attraction {unknown}
 s - 2 potions of cancellation
 B - a potion of mutation
Miscellaneous
 t - a piece from Xom's chessboard (15/15)


   Skills:
 + Level 5.0 Fighting
 + Level 4.3 Short Blades
 + Level 0.9 Armour
 + Level 5.0 Dodging
 + Level 5.4 Stealth
 + Level 1.0 Shields
 + Level 5.1 Spellcasting
 + Level 6.5 Conjurations
 + Level 3.4 Fire Magic
 + Level 1.4 Invocations


You had one spell level left.
You knew the following spells:

 Your Spells              Type           Power      Damage    Failure   Level
a - Magic Dart            Conj           100%       1d8       1%          1
b - Searing Ray           Conj           86%        2d7       1%          2
c - Scorch                Fire           52%        2d8       1%          2
d - Ensorcelled Hibernat  Hex/Ice        14%        N/A       4%          2
e - Swiftness             Air            7%         N/A       9%          3
f - Hailstorm             Conj/Ice       25%        3d7       2%          3
g - Flame Wave            Conj/Fire      35%        2d10      3%          4

Your spell library contained the following spells:

 Spells                   Type           Power      Damage    Failure   Level
 Shock                    Conj/Air       100%       1d9       1%          1
 Freeze                   Ice            28%        1d5       2%          1
 Dazzling Flash           Conj/Hex       50%        N/A       2%          3
 Lesser Beckoning         Tloc           14%        N/A       4%          2
 Passwall                 Tmut/Erth      5%         N/A       4%          2
 Fulminant Prism          Conj/Hex       12%        3d8       7%          4
 Iskenderun's Mystic Bla  Conj/Tloc      25%        2d7       7%          4
 Frozen Ramparts          Ice            14%        1d3       9%          3
 Airstrike                Air            3%         2d(1-17)  26%         4
 Borgnjor's Vile Clutch   Necr/Erth      3%         N/A       56%         5
 Summon Forest            Summ/Tloc      3%         N/A       56%         5
 Summon Cactus Giant      Summ           3%         N/A       98%         6
 Disjunction              Tloc           3%         N/A       100%        8


Dungeon Overview and Level Annotations

Branches:
Dungeon (9/15)             Temple (1/1) D:6           Sewer (visited)
   Lair: D:8-11         Orc: D:9-12

Altars:
Ashenzari
Cheibriados
Dithmenos
Fedhas
Gozag
Hepliaklqana
Kikubaaqudgha
Makhleb
Nemelex Xobeh
Okawaru
Qazlal
Ru
Sif Muna
Trog
Uskayaw
Vehumet
Wu Jian
Xom
Yredelemnul

Shops:
D:6 *


Innate Abilities, Weirdness & Mutations

You have a pair of horns on your head.
You regenerate magic rapidly.
You are partially covered in razor-sharp scales. (AC +1, Slay +1)
A meltable shield of frost defends you. (SH +4)
You have sharp toenails.
You have a somewhat thin skeletal structure. (Dex +2, Stealth+)
Your mind is acute. (Int +4, Str/Dex -1)
Armour fits poorly on your strangely shaped body.


Message History

Okay, then.
Something appears at your feet!
You block the vampire mosquito's attack.
The vampire mosquito bites you but does no damage.
The vampire mosquito bites you.
The vampire mosquito draws strength from your injuries!
The vampire mosquito closely misses you. x2
n - the ring "Vijaa" {rPois rF+ rC+ Dex+3} The vampire mosquito bites you.
The vampire mosquito draws strength from your injuries!
The vampire mosquito bites you!
* * * LOW HITPOINT WARNING * * *
The vampire mosquito draws strength from your injuries!
The vampire mosquito barely misses you.
The vampire mosquito bites you but does no damage.
The vampire mosquito misses you. The vampire mosquito barely misses you.
You can't see any enemies this would affect, really read the scroll of fear?
Okay, then.
Okay, then.
The vampire mosquito attacks as you move away!
The vampire mosquito barely misses you.
The vampire mosquito attacks as you move away!
The vampire mosquito bites you.
* * * LOW HITPOINT WARNING * * *
The vampire mosquito draws strength from your injuries!
You block the vampire mosquito's attack.
The vampire mosquito closely misses you.
Okay, then.
As you read the scroll of teleportation, it crumbles to dust.
You feel strangely unstable. The vampire mosquito bites you.
* * * LOW HITPOINT WARNING * * *
The vampire mosquito draws strength from your injuries!
The vampire mosquito barely misses you.
The vampire mosquito completely misses you.
The vampire mosquito bites you.
* * * LOW HITPOINT WARNING * * *
The vampire mosquito draws strength from your injuries!
The vampire mosquito attacks as you move away!
The vampire mosquito bites you.
You die...

#..#.......
#..#.......
##..'.......
#...#.......
#...#.......
#######..#####+##
##....##.........#
#.....yy.........#
#.....@y.........#
##....##..##+#####.
#######..#........
#........'.......#
#........#.......#
##########.......+
........# ........#
.........#


You could see 3 vampire mosquitoes.

Vanquished Creatures
  Grinder (D:3)
  Sigmund (D:2)
  A steam dragon (D:6)
  2 orc warriors
  3 black bears
  3 ogres (D:5)
  A centaur (D:5)
  A phantom (D:5)
  2 kobold brigands (D:8)
  4 scorpions
  5 bullfrogs
  6 howler monkeys
  3 jellies
  Crazy Yiuf (D:5)
  A gnoll bouda (D:7)
  2 orc priests
  7 hounds
  A sleepcap (D:5)
  Ijyb (D:4)
  5 iguanas
  A hell rat (Sewer)
  3 orc wizards
  3 adders (D:2)
  3 gnolls (D:7)
  3 shadow imps
  2 white imps (D:7)
  An ufetubus (D:4)
  5 worms
  A dart slug (D:5)
  14 orcs
  8 ball pythons
  3 endoplasms (D:1)
  3 giant cockroaches
  5 goblins
  5 hobgoblins
  4 jackals (D:4)
  7 bats
  6 frilled lizards
  11 kobolds
  7 rats
  A butterfly (D:4)
147 creatures vanquished.

Notes
Turn   | Place    | Note
-------+----------+-------------------------------------------
     0 | D:1      | Pimp the Demonspawn Conjurer began the quest for the Orb.
     0 | D:1      | Reached XP level 1. HP: 13/13 MP: 3/3
   355 | D:1      | Gained mutation: You regenerate magic rapidly. [demonic
                  | ancestry]
   355 | D:1      | Reached XP level 2. HP: 19/19 MP: 3/5
  1065 | D:2      | Reached XP level 3. HP: 20/25 MP: 6/6
  1141 | D:2      | Learned a level 2 spell: Searing Ray
  1144 | D:2      | Learned a level 2 spell: Scorch
  1779 | D:2      | Noticed Sigmund
  1803 | D:2      | Killed Sigmund
  1804 | D:2      | Reached skill level 1 in Fighting
  1804 | D:2      | Reached skill level 1 in Short Blades
  1804 | D:2      | Gained mutation: You have a pair of small horns on your
                  | head. [demonic ancestry]
  1804 | D:2      | Reached XP level 4. HP: 33/33 MP: 1/8
  1804 | D:2      | Gained mutation: You are partially covered in razor-sharp
                  | scales. (AC +1, Slay +1) [demonic ancestry]
  1804 | D:2      | Reached XP level 5. HP: 38/38 MP: 1/9
  2232 | D:3      | Noticed Grinder
  2242 | D:3      | Paralysed by Grinder for 5 turns
  2290 | D:3      | Paralysed by Grinder for 5 turns
  2297 | D:3      | Killed Grinder
  2298 | D:3      | Gained mutation: A meltable shield of frost defends you.
                  | (SH +4) [demonic ancestry]
  2298 | D:3      | Reached XP level 6. HP: 44/46 MP: 6/10
  2323 | D:3      | Found a bloodstained altar of Trog.
  2783 | D:3      | Found a faded altar of an unknown god.
  2999 | D:4      | Found a shimmering altar of Xom.
  3104 | D:4      | Found a shimmering blue altar of Sif Muna.
  3191 | D:4      | Reached skill level 5 in Conjurations
  3191 | D:4      | Gained mutation: You have a pair of horns on your head.
                  | [demonic ancestry]
  3191 | D:4      | Reached XP level 7. HP: 51/51 MP: 7/12
  3282 | D:4      | Became a worshipper of Sif Muna the Loreminder
  3498 | D:4      | Noticed Ijyb
  3518 | D:4      | Killed Ijyb
  3584 | D:4      | Found a glowing drain.
  3631 | Sewer    | Entered a sewer
  3769 | D:4      | Learned a level 2 spell: Ensorcelled Hibernation
  3881 | D:4      | Reached * piety under Sif Muna
  4069 | D:5      | Entered Level 5 of the Dungeon
  4136 | D:5      | Reached skill level 1 in Fire Magic
  4412 | D:6      | Gained mutation: You do not regenerate when monsters are
                  | visible. [potion of mutation]
  4412 | D:6      | Gained mutation: You are frail. (-10% HP) [potion of
                  | mutation]
  4412 | D:6      | Gained mutation: You expend magic power (3 MP) to
                  | strengthen your wands. [potion of mutation]
  4412 | D:6      | Gained mutation: Your mind is acute. (Int +4, Str/Dex -1)
                  | [potion of mutation]
  4414 | D:6      | Lost mutation: You are frail. (-10% HP) [potion of
                  | mutation]
  4414 | D:6      | Lost mutation: You expend magic power (3 MP) to strengthen
                  | your wands. [potion of mutation]
  4414 | D:6      | Lost mutation: You do not regenerate when monsters are
                  | visible. [potion of mutation]
  4414 | D:6      | Gained mutation: Armour fits poorly on your strangely
                  | shaped body. [potion of mutation]
  4414 | D:6      | Gained mutation: You have a somewhat thin skeletal
                  | structure. (Dex +2, Stealth+) [potion of mutation]
  4414 | D:6      | Gained mutation: You have sharp toenails. [potion of
                  | mutation]
  4470 | D:5      | Reached XP level 8. HP: 52/58 MP: 13/13
  4521 | D:5      | Found a runed translucent door.
  4522 | D:5      | Noticed Crazy Yiuf
  4529 | D:5      | Killed Crazy Yiuf
  5383 | D:5      | You fall into a shaft and drop 1 floor!
  5385 | D:6      | Found a staircase to the Ecumenical Temple.
  5394 | Temple   | Entered the Ecumenical Temple
  5521 | D:6      | Found a snail-covered altar of Cheibriados.
  5670 | D:6      | Reached skill level 6 in Conjurations
  5718 | D:6      | Found Qayjul's Assorted Antiques.
  5876 | D:6      | Reached XP level 9. HP: 66/66 MP: 15/15
  6139 | D:7      | Found an iron altar of Okawaru.
  6300 | D:7      | Identified a scroll of acquirement
  6300 | D:7      | Acquired a +2 quick blade of freezing
  6336 | D:7      | Reached skill level 5 in Stealth
  6336 | D:7      | Reached ** piety under Sif Muna
  6425 | D:7      | Got the Compilation of Felsic Relocation
  7879 | D:8      | Reached skill level 5 in Spellcasting
  7948 | D:8      | Reached skill level 1 in Invocations
  7993 | D:8      | Reached skill level 5 in Fighting
  8045 | D:8      | Found a sparkling altar of Nemelex Xobeh.
  8275 | D:8      | Reached skill level 5 in Dodging
  8275 | D:8      | Reached skill level 1 in Shields
  8551 | D:9      | Learned a level 3 spell: Swiftness
  8555 | D:9      | Learned a level 3 spell: Hailstorm
  8560 | D:9      | Learned a level 4 spell: Flame Wave
  8575 | D:9      | Acquired the ring "Vijaa" {rPois rF+ rC+ Dex+3}
  8578 | D:9      | HP: 2/68 [vampire mosquito (6)]
  8579 | D:9      | Slain by a vampire mosquito

Illustrated notes

Levels and vault maps discovered:
D:1:      psy_arrival_heroes, layout_basic
D:2:      layout_basic, uniq_sigmund
D:3:      layout_loops_ring, mainiacjoe_overflow_concentric_impassable,
          ebering_ecumenical_altar_ruins, kennysheep_donut,
          kennysheep_crisscross, minmay_fountain_box, uniq_grinder
D:4:      layout_loops_ring, mainiacjoe_overflow_surrounded_room,
          xom_butterflies, cheibrodos_sewer_entry_drain, uniq_ijyb
D:5:      minmay_chambers_of_fours, layout_basic, kennysheep_boxes,
          uniq_crazy_yiuf_cottage
D:6:      layout_loops_ring, mainiacjoe_overflow_large_starburst,
          minmay_temple_entry_statues_pillars, serial_shops, shop
D:7:      layout_loops_ring, old_standard_altar, nrook_loot_triangle,
          kennysheep_generic_room_5
D:8:      layout_cave_pools, nicolae_overflow_squiral
D:9:      layout_gridville, uniq_maurice, uniq_harold, uniq_maggie
Temple:   jpeg_temple_clearing

Skill      XL: |  1  2  3  4  5  6  7  8  9 |
---------------+----------------------------+-----
Stealth        | 2 3 4 5 |  5.4
Dodging        | 2 3 4 5 |  5.0
Fighting       | 1 2 3 4 5 |  5.0
Short Blades   | 1 2 3 4 |  4.3
Spellcasting   | 3 4 5 |  5.1
Conjurations   | 5 6 |  6.5
Fire Magic     | 1 2 3 |  3.4
Invocations    | 1 |  1.4
Shields        | 1 |  1.0
Armour         | |  0.9

Action                     |  1- 3 |  4- 6 |  7- 9 || total
---------------------------+-------+-------+-------++-------
  Melee: Unarmed           |     6 |       |       ||     6
         Dagger            |    56 |    34 |    72 ||   162
         Punch             |     2 |       |     2 ||     4
         Headbutt          |       |     6 |    23 ||    29
         Kick              |       |       |    35 ||    35
         Quick blade       |       |       |    79 ||    79
   Cast: Magic Dart        |    51 |    12 |    14 ||    77
         Searing Ray       |     4 |    10 |    25 ||    39
         Ensorcelled Hiber |       |       |    50 ||    50
    Use: Scroll            |    10 |     2 |     9 ||    21
         Potion            |       |     3 |    11 ||    14
   Stab: Sleeping          |     3 |     1 |    38 ||    42
         Distracted        |       |       |     2 ||     2
 Armour: Robe              |    14 |     9 |    38 ||    61
  Dodge: Dodged            |    47 |    33 |   125 ||   205
  Block: Other             |       |     5 |    33 ||    38

Table legend: (Time is in decaauts)
 A = Elapsed time spent in this place.
 B = Non-inter-level travel time spent in this place.
 C = Inter-level travel time spent in this place.
 D = Time resting spent in this place.
 E = Time spent auto-exploring this place.
 F = Levels seen in this place.
 G = Mean time per level.
                   A        B        C        D        E       F      G
               +--------+--------+--------+--------+--------+-----+--------+
         Total |   8580 |   8058 |    522 |   2031 |   4238 |  11 |  780.0 |
       Dungeon |   8399 |   7891 |    508 |   2031 |   4169 |   9 |  933.2 |
        Temple |     97 |     83 |     14 |      0 |     47 |   1 |   97.0 |
         Sewer |     83 |     83 |      0 |      0 |     21 |   1 |   83.0 |
               +--------+--------+--------+--------+--------+-----+--------+

Top non-repeatable levels by time:
     D:7: 1563 daAuts
     D:2: 1347 daAuts
     D:5: 1097 daAuts
     D:4: 1013 daAuts
     D:3: 870 daAuts
     D:6: 865 daAuts
     D:8: 791 daAuts
     D:1: 771 daAuts
  Temple: 97 daAuts
   Sewer: 83 daAuts
     D:9: 79 daAuts
